 Dungeon Crawl Stone Soup version 0.31-a0-437-g7cee417757 (webtiles) character file.

Game seed: 17304006958737307306

30 Ethylacetat the Insei (level 3, -2/20 HPs)
             Began as a Vine Stalker Monk on Aug 2, 2023.
             Slain by Terence
             ... wielding a +0 mace
              (5 damage)
             ... on level 2 of the Dungeon.
             The game lasted 00:01:48 (846 turns).

Ethylacetat the Insei (Vine Stalker Monk)            Turns: 846, Time: 00:01:48

Health: -2/20      AC:  2    Str: 13    XL:     3   Next: 20%
Magic:  0/4        EV: 13    Int: 10    God:
Gold:   62         SH:  0    Dex: 18    Spells: 2/2 levels left

rFire   . .          .
                       - Unarmed
rCold   . . .        c - orb {light}
rNeg    . . .        a - +0 robe
rPois   .            (no helmet)
rElec   .            (no cloak)
rCorr   .            (no gloves)
SInv    .            (no boots)
Will    .....        (no amulet)
Stlth   +            (no ring)
HPRegen 0.23/turn    (no ring)
MPRegen 0.09/turn

%: guardian spirit
@: glowing
A: fangs 2, magic shield, antimagic bite, no potion heal 2
a: no special abilities


You were on level 2 of the Dungeon.
You visited 1 branch of the dungeon, and saw 2 of its levels.

You collected 62 gold pieces.

Inventory:

Armour
 a - a +0 robe (worn)
 c - an orb of light (worn)
Scrolls
 g - a scroll of enchant armour {unknown}
 h - a scroll of fear {unknown}
Potions
 b - a potion of ambrosia
 d - a potion of heal wounds {unknown}
 e - a potion of curing {unknown}
 f - a potion of invisibility {unknown}


   Skills:
 + Level 3.1 Fighting
 - Level 2.4 Dodging
 * Level 3.8 Unarmed Combat


You had 2 spell levels left.
You didn't know any spells.
Your spell library was empty.

Dungeon Overview and Level Annotations

Branches:
Dungeon (2/15)

Altars:

Annotations:
D:2 Terence


Innate Abilities, Weirdness & Mutations

You have extremely sharp teeth.
When hurt, damage is shared between your health and your magic reserves.
Your bite disrupts and absorbs the magic of your enemies.
Potions cannot restore your health.


Message History

No target in view!
Done exploring.
No target in view!
Done exploring.
No target in view!
Done exploring.
You see here a +0 club.
There is a stone staircase leading down here.
You climb downwards.
Terence shouts!
The kobold shouts!
Found a ring mail and 12 gold pieces.
Found a stone staircase leading down.
There is a stone staircase leading up here.
There are monsters nearby!
Terence hits you with a +0 mace.
You hit Terence. You bite Terence, but do no damage.
Terence is lightly wounded.
The bat barely misses you.
You hit Terence. You bite Terence. You drain his power.
Terence is heavily wounded.
The bat misses you. The bat hits you but does no damage.
Terence barely misses you.
You hit Terence.
Terence is severely wounded.
The bat hits you. Terence hits you with a +0 mace.
You barely miss Terence. You bite Terence, but do no damage.
Terence is severely wounded.
The bat barely misses you. Terence hits you with a +0 mace!
You are too injured to fight recklessly!
Sorry, you're not good enough to have a special ability.
You hit Terence but do no damage.
Terence is severely wounded.
The bat barely misses you. Terence closely misses you.
You hit Terence but do no damage. You bite Terence, but do no damage.
Terence is severely wounded.
The bat barely misses you. Terence hits you with a +0 mace!
* * * LOW HITPOINT WARNING * * *
You hit Terence but do no damage. You bite Terence, but do no damage.
Terence is severely wounded.
The bat closely misses you. Terence hits you with a +0 mace.
You die...

.##############
......b........
####..@........
....>..@K......
...#...<.w...[.
#....#......
#........#..
#.##..#### .
.$. .... ###
##.## .# ##


You could see Terence, a worm, a bat and a kobold.

Vanquished Creatures
  3 bats (D:1)
  3 endoplasms (D:1)
  8 hobgoblins (D:1)
  7 ball pythons (D:1)
  A frilled lizard (D:1)
  2 goblins (D:1)
  3 rats (D:1)
27 creatures vanquished.

Notes
Turn   | Place    | Note
-------+----------+-------------------------------------------
     0 | D:1      | Ethylacetat the Vine Stalker Monk began the quest for the
                  | Orb.
     0 | D:1      | Reached XP level 1. HP: 11/11 MP: 2/2
   237 | D:1      | Reached XP level 2. HP: 16/16 MP: 3/3
   470 | D:1      | Reached XP level 3. HP: 20/20 MP: 2/4
   838 | D:2      | Noticed Terence
   846 | D:2      | Slain by Terence

Illustrated notes

Levels and vault maps discovered:
D:1:      minmay_arrival_diagonal_passages, layout_basic, serial_aquarium,
          aquarium_bridge_island_small [aquarium_subvault_small_open,
          aquarium_subvault_wall, aquarium_subvault_window,
          aquarium_subvault_bridge, aquarium_subvault_bridge],
          aquarium_window_fake, aquarium_window_fake, aquarium_view_2f,
          aquarium_view_2b, aquarium_balcony_1b, amcnicky_mini_pool_small,
          hangedman_decor_points, chequers_decorated_corner, st_stairs_4,
          minmay_tiny_reverse_x
D:2:      kennysheep_big_flooded_room, layout_basic, serial_shops,
          nicolae_shop_tiny_waterfront, nicolae_shop_tiny_glass, shop,
          uniq_terence, uniq_robin

Skill      XL: |  1  2 |
---------------+-------+-----
Fighting       | 3 |  3.1
Dodging        | |  2.4
Unarmed Combat | |  3.8

Action                     || total
---------------------------++-------
  Melee: Unarmed           ||    73
         Bite              ||    25
 Armour: Robe              ||    10
  Dodge: Dodged            ||    53

Table legend: (Time is in decaauts)
 A = Elapsed time spent in this place.
 B = Non-inter-level travel time spent in this place.
 C = Inter-level travel time spent in this place.
 D = Time resting spent in this place.
 E = Time spent auto-exploring this place.
 F = Levels seen in this place.
 G = Mean time per level.
                   A        B        C        D        E       F      G
               +--------+--------+--------+--------+--------+-----+--------+
         Total |    841 |    813 |     28 |      0 |    674 |   2 |  420.5 |
       Dungeon |    841 |    813 |     28 |      0 |    674 |   2 |  420.5 |
               +--------+--------+--------+--------+--------+-----+--------+

Top non-repeatable levels by time:
     D:1: 833 daAuts
     D:2: 7 daAuts
